 Dungeon Crawl Stone Soup version 0.27.0-1-g7a089689b8 (webtiles) character file.

Game seed: 4146297361476198220

4 Crownlay the Skirmisher (level 1, 20/20 HPs)
             Began as a Hill Orc Fighter on Aug 13, 2021.
             Was a Follower of Sif Muna.
             Quit the game on level 1 of the Dungeon.
             The game lasted 00:00:54 (299 turns).

Crownlay the Skirmisher (Hill Orc Fighter)           Turns: 299, Time: 00:00:54

Health: 20/20      AC:  6    Str: 18    XL:     1   Next: 70%
Magic:  1/1        EV:  7    Int:  8    God:    Sif Muna [*.....]
Gold:   26         SH:  9    Dex: 10    Spells: 0/0 levels left

rFire    . . .     SeeInvis +   a - +0 war axe
rCold    . . .     Faith    .   c - +0 kite shield
rNeg     . . .     Spirit   .   b - +0 scale mail
rPois    +         Reflect  .   (no helmet)
rElec    .         Harm     .   (no cloak)
rCorr    .         Rampage  .   (no gloves)
Will     .....                  (no boots)
Stlth    ..........             (no amulet)
HPRegen  0.06/turn              e - ring of see invisible
MPRegen  0.07/turn              g - ring of poison resistance

@: no status effects
A: no striking features
a: Renounce Religion, Channel Magic


You were on level 1 of the Dungeon.
You worshipped Sif Muna.
Sif Muna was aware of your devotion.
You visited 1 branch of the dungeon, and saw 1 of its levels.

You collected 26 gold pieces.

Inventory:

Hand Weapons
 a - a +0 war axe (weapon)
Armour
 b - a +0 scale mail (worn)
 c - a +0 kite shield (worn)
Jewellery
 e - a ring of see invisible (left hand)
 g - a ring of poison resistance (right hand)
Scrolls
 h - a scroll of holy word {unknown}
Potions
 d - a potion of might
 f - a potion of degeneration {unknown}
 i - a potion of brilliance {unknown}


   Skills:
 - Level 3.7 Fighting
 - Level 2.6 Axes
 - Level 3.2 Armour
 + Level 3.6 Shields


You couldn't memorise any spells.
You didn't know any spells.
Your spell library was empty.

Dungeon Overview and Level Annotations

Branches:
Dungeon (1/15)

Altars:
Sif Muna


Message History

A rat comes into view.
No reachable target in view!
No reachable target in view!
No reachable target in view!
No reachable target in view!
A rat is nearby!
No reachable target in view!
A rat is nearby!
e - a ring of see invisible (left hand)
g - a ring of poison resistance (right hand)
The rat bites the fungus.
The fungus begins to die.
You hit the fungus.
The fungus begins to die.
The fungus is lightly damaged.
The rat bites the fungus. x2
You hit the fungus.
The fungus is lightly damaged.
A nearby fungus withers and dies. x2
Found a faded altar of an unknown god.
You hit the plant.
The plant begins to die.
The plant is lightly damaged.
You hit the fungus.
The fungus begins to die.
You completely miss the plant.
The plant is lightly damaged.
You hit the rat.
You kill the rat!
You hit the fungus. You slash the plant!
The plant is lightly damaged.
You hit the fungus.
A nearby fungus withers and dies.
A nearby plant withers and dies.
Found an amethyst potion.
No target in view!
There is a faded altar of an unknown god here.
You cannot tell which god this altar belongs to.
Convert to them anyway?
Okay, then.
You cannot tell which god this altar belongs to.
Convert to them anyway?
Sif Muna accepts your prayer! Sif Muna welcomes you!
You can now call upon Sif Muna for magical energy.
Are you sure you want to abandon this character and quit the game? (Confirm with "yes".)

.###...............# .#
#.#........##.#.# .#
#.#.#.............
.###...#..############
.. .....####..#...#.#..
...
####...#...#.#.#P#.#
#..
#.#.#...PPP.....P.P.
#.#.....#.#.#.#.#.#
#.#.....#.P.#@#.P.#
#...#...#.#.#.#.#.#.!##
###......P.............
##.#..#.#.#.#.#.#...#
#.#.(#.P.#.#...# #
#.#.############ #.#..
... ###


There were no monsters in sight!

Vanquished Creatures
  An endoplasm (D:1)
  A quokka (D:1)
  A ball python (D:1)
  A bat (D:1)
  A rat (D:1)
5 creatures vanquished.

Vanquished Creatures (others)
  3 fungi (D:1)
  A plant (D:1)
4 creatures vanquished.

Grand Total: 9 creatures vanquished

Notes
Turn   | Place    | Note
-------+----------+-------------------------------------------
     0 | D:1      | Crownlay the Hill Orc Fighter began the quest for the Orb.
     0 | D:1      | Reached XP level 1. HP: 19/19 MP: 1/1
   287 | D:1      | Found a faded altar of an unknown god.
   298 | D:1      | Became a worshipper of Sif Muna the Loreminder
   298 | D:1      | Reached * piety under Sif Muna
   299 | D:1      | Quit the game

Illustrated notes

Levels and vault maps discovered:
D:1:      sevenhm_arrival_forest_fort_small_6, layout_loops_ring,
          shapermc_ecumenical_altar_mp_urbaneastern

Action                   || total
-------------------------++-------
Melee: War axe           ||    15
Armor: Scale mail        ||     2
Dodge: Dodged            ||     8
Block: Kite shield       ||     2
